 Dungeon Crawl Stone Soup version 0.27-a0-1191-g601b473118 (webtiles) character file.

Game seed: 410053743185611877

23367 experimilk the Bludgeoner (level 13, -7/82 HPs)
             Began as a Gargoyle Monk on May 23, 2021.
             Was a High Priest of Okawaru.
             Mangled by a six-headed hydra (11 damage)
             ... on level 4 of the Lair of Beasts.
             The game lasted 00:51:21 (23585 turns).

experimilk the Bludgeoner (Gargoyle Monk)          Turns: 23585, Time: 00:51:21

Health: -7/82      AC: 31    Str: 28    XL:     13   Next: 6%
Magic:  10/17      EV: 15    Int: 11    God:    Okawaru [*****.]
Gold:   785        SH:  6    Dex: 13    Spells: 12/12 levels left

rFire    . . .     SeeInvis .   S - +0 morningstar
rCold    . . .     Faith    .   k - +0 buckler
rNeg     + . .     Spirit   .   I - +0 plate armour
rPois    ∞         Reflect  .   (no helmet)
rElec    +         Harm     .   F - scarf {+Inv}
rCorr    .         Rampage  .   a - +2 pair of gloves {Str+3}
Will     .....                  s - +2 pair of boots
Stlth    ..........             (no amulet)
HPRegen  0.23/turn              o - +6 ring of strength
MPRegen  0.15/turn              y - +4 ring of evasion

@: heroic, finesse-ful, marked
A: sickness immunity, AC +9, negative energy resistance 1, electricity
resistance, torment resistance 1, petrification resistance
a: Renounce Religion, Evoke Invisibility, Heroism, Finesse


You were on level 4 of the Lair of Beasts.
You worshipped Okawaru.
Okawaru was extremely pleased with you.
You visited 3 branches of the dungeon, and saw 14 of its levels.

You collected 785 gold pieces.

Inventory:

Hand Weapons
 S - a +0 morningstar (weapon)
Missiles
 n - 35 poisoned darts
 r - 10 javelins (quivered)
 A - 4 curare-tipped darts
 R - 4 silver javelins
Armour
 a - a +2 pair of gloves of strength (worn)
 k - a +0 buckler (worn)
 m - the +1 scale mail "Wemeqint" {rC+ Stlth+}
   (You took it off an orc on level 4 of the Dungeon)

   It protects you from cold.
   It makes you more stealthy.
 s - a +2 pair of boots (worn)
 F - a scarf of invisibility (worn)
 I - a +0 plate armour (worn)
Jewellery
 o - a +6 ring of strength (left hand)
 y - a +4 ring of evasion (right hand)
 J - a ring of resist corrosion
 O - a ring of protection from cold
Wands
 q - a wand of iceblast (9)
 v - a wand of acid (5)
 H - a wand of flame (18)
 L - a wand of polymorph (12)
 N - a wand of digging (5)
Scrolls
 b - a scroll of immolation
 d - a scroll of blinking {unknown}
 e - 2 scrolls of enchant weapon
 x - 4 scrolls of amnesia
 B - a scroll of fog
 E - a scroll of vulnerability {unknown}
 G - 2 scrolls of enchant armour
 K - a scroll of brand weapon {unknown}
Potions
 c - a potion of flight
 f - 5 potions of ambrosia
 h - a potion of brilliance
 i - 9 potions of curing
 j - a potion of berserk rage
 p - 2 potions of cancellation
 t - 3 potions of lignification
 u - a potion of magic
 z - a potion of mutation
 D - a potion of invisibility
 P - 2 potions of haste
Miscellaneous
 M - a phantom mirror
 Q - a condenser vane (inert)


   Skills:
 - Level 10.0(15.0) Fighting
 - Level 16.0(21.0) Maces & Flails
 * Level 5.4(10.4) Throwing
 - Level 6.0(11.0) Armour
 - Level 3.0(8.0) Dodging
 - Level 2.1(7.1) Stealth
 - Level 4.0(9.0) Shields
 - Level 6.0 Invocations


You had 12 spell levels left.
You didn't know any spells.
Your spell library contained the following spells:

 Spells                   Type           Power      Damage    Failure   Level
 Animate Skeleton         Necr           0%         N/A       95%         1
 Apportation              Tloc           0%         N/A       95%         1
 Corona                   Hex            0%         N/A       95%         1
 Magic Dart               Conj           0%         1d3       95%         1
 Sandblast                Erth           0%         2d4       95%         1
 Summon Small Mammal      Summ           0%         N/A       95%         1
 Passwall                 Tmut/Erth      0%         N/A       99%         2
 Searing Ray              Conj           0%         3d3       99%         2
 Dazzling Flash           Conj/Hex       0%         N/A       100%        3
 Stone Arrow              Conj/Erth      0%         3d7       100%        3
 Animate Armour           Summ/Erth      0%         N/A       100%        4
 Fulminant Prism          Conj/Hex       0%         3d6       100%        4
 Iskenderun's Mystic Bla  Conj/Tloc      0%         2d3       100%        4
 Leda's Liquefaction      Hex/Erth       0%         N/A       100%        4
 Petrify                  Tmut/Erth      0%         N/A       100%        4
 Bolt of Magma            Conj/Fire/Erth 0%         4d4       100%        5
 Lee's Rapid Deconstruct  Erth           0%         3d5*      100%        5
 Iron Shot                Conj/Erth      0%         9d1       100%        6
 Shatter                  Erth           0%         3d5*      100%        9
 Statue Form              Tmut/Erth      Unusable   N/A       N/A         6

Dungeon Overview and Level Annotations

Branches:
Dungeon (9/15)             Temple (1/1) D:4            Lair (4/6) D:8
 Shoals (0/4) Lair:2       Spider (0/4) Lair:2
    Orc: D:9-12

Altars:
Ashenzari
Cheibriados
Dithmenos
Elyvilon
Fedhas
Gozag
Kikubaaqudgha
Makhleb
Nemelex Xobeh
Okawaru
Qazlal
Ru
Trog
Vehumet
Xom
Yredelemnul
Zin

Portals:
Ice
Cave: Lair:4

Annotations:
D:4 Eustachio
D:7 2 transporters, MikuNakano's ghost, novice VSFi
Lair:2 exclusion: 2 oklob plants
Lair:4 Josephine


Innate Abilities, Weirdness & Mutations

You are immune to sickness and miasma.
Your stone body is resilient. (AC +9)
You are immune to poison.
You resist negative energy. (rN+)
You are resistant to electric shocks. (rElec)
You are resistant to unholy torment.
You are immune to petrification.


Message History

The black mamba barely misses you.
The blink frog hits you but does no damage. x2
A yak comes into view.
The water moccasin closely misses you. The black mamba closely misses you.
The blink frog hits you but does no damage.
The six-headed hydra completely misses you.
You block the six-headed hydra's attack. x3
The six-headed hydra bites you but does no damage. x2
The cane toad misses you.
You miss the blink frog.
The blink frog is heavily wounded.
The blink frog closely misses you. The black mamba bites you.
The water moccasin misses you.
You impale the blink frog!!
You kill the blink frog!
Okawaru accepts your kill.
A yak comes into view. x2
The cane toad stings you but does no damage.
You miss the blink frog. The black mamba bites you!
* * * LOW HITPOINT WARNING * * *
The blink frog hits you but does no damage.
You block the six-headed hydra's attack. x3
The six-headed hydra bites you but does no damage. x2
The six-headed hydra bites you!
* * * LOW HITPOINT WARNING * * *
The blink frog blinks!
The water moccasin closely misses you.
You puncture the blink frog!
The blink frog is moderately wounded.
The blink frog closely misses you.
The black mamba bites you but does no damage.
You hit the blink frog but do no damage.
The blink frog is moderately wounded.
The blink frog misses you.
The blink frog blinks!
The cane toad misses you. You block the water moccasin's attack.
The six-headed hydra bites you but does no damage.
The six-headed hydra bites you.
* * * LOW HITPOINT WARNING * * *
The six-headed hydra bites you but does no damage.
The six-headed hydra bites you!
You die...

........5.......#.###**#######*,,
.......F5.5..YY......,,,* ****,,,
#...[.....l5..5.Y##**,,,***,,,,,,
##.#...####.#..5Y.##**,,,**,,,,**
*##.##.# #####5F#.# *,,,**,,,**
,*##,..#*###*#555F#* *,,#*,,,,,*
,,,,....##..##lFl### *,.##*,,***
,,,......F$...FSSDF# *...#*,,**
,,l..[........§F@###*#..#*,,,,*
,,,,,,....###..FF####...#*,,,**
,,,,,,...,* #..FF#.#....#*,,,****
,,,,,,.,,** #......<....#*,,,,*,,
,,,,,,,,,* #..............,,,,,,
,,,,,,,,,* *#....####.P#...,,,,,*
,,,,,,,,,* #....## *,.##*,.,,,,,*
,,,,,,,,,**##.$.#****,#****,,,,**
,,,,,,,,,,* #...#,*,,**,,,,,,,,,,


You could see a six-headed hydra, a black mamba, 4 yaks, a cane toad, 9 blink
frogs, a water moccasin, 2 wyverns, a bullfrog and 6 white imps.

Vanquished Creatures
  Gastronok (Lair:2)
  3 hydras
  A two-headed ogre (D:7)
  An oklob plant (Lair:1)
  9 elephants
  Joseph (D:9)
  6 black mambas
  9 cane toads
  4 komodo dragons
  Maggie (D:8)
  A troll (D:8)
  A hornet (D:9)
  6 blink frogs
  Prince Ribbit (D:7)
  Sigmund (D:5)
  A redback (Lair:2)
  A wraith (Lair:3)
  2 basilisks
  13 yaks
  A steam dragon (D:8)
  An acid dragon (D:8)
  10 water moccasins
  2 ice beasts
  A sky beast (D:6)
  An orc warrior (D:7)
  A necrophage (D:8)
  A black bear (Lair:1)
  12 wolves
  4 centaurs
  An ogre (D:6)
  A phantom (D:5)
  4 bullfrogs
  3 scorpions
  A gnoll sergeant (D:6)
  6 killer bees (D:7)
  5 electric eels
  A howler monkey (D:5)
  A bullfrog zombie (D:5)
  3 centaur zombies
  A jelly (D:7)
  6 orc priests
  4 hounds
  A bullfrog skeleton (D:6)
  Jessica (D:3)
  3 iguanas
  5 orc wizards
  3 howler monkey zombies
  7 gnolls
  9 adders
  A white imp (D:5)
  2 ufetubi
  An adder skeleton (D:4)
  5 worms
  4 dart slugs
  25 orcs
  An endoplasm (D:2)
  2 giant cockroaches
  5 goblins
  3 hobgoblins
  10 jackals
  3 quokkas
  6 ball pythons
  7 bats
  6 frilled lizards
  9 kobolds
  6 rats
259 creatures vanquished.

Vanquished Creatures (others)
  29 fungi
  44 plants
73 creatures vanquished.

Grand Total: 332 creatures vanquished

Notes
Turn   | Place    | Note
-------+----------+-------------------------------------------
     0 | D:1      | experimilk the Gargoyle Monk began the quest for the Orb.
     0 | D:1      | Reached XP level 1. HP: 14/14 MP: 1/1
   358 | D:1      | Reached XP level 2. HP: 15/19 MP: 2/2
   461 | D:1      | Found a faded altar of an unknown god.
  2076 | D:2      | Reached XP level 3. HP: 23/24 MP: 3/3
  2221 | D:2      | Reached skill level 4 in Maces & Flails
  3124 | D:1      | Reached XP level 4. HP: 23/29 MP: 4/4
  4387 | D:3      | Noticed Jessica
  4993 | D:3      | Reached XP level 5. HP: 33/34 MP: 5/5
  5236 | D:3      | Killed Jessica
  5237 | D:3      | Reached skill level 5 in Maces & Flails
  6198 | D:4      | Found a staircase to the Ecumenical Temple.
  6206 | Temple   | Entered the Ecumenical Temple
  6382 | Temple   | Became a worshipper of Warmaster Okawaru
  6382 | Temple   | Reached * piety under Okawaru
  6382 | Temple   | Reached ** piety under Okawaru
  6429 | D:4      | Reached XP level 6. HP: 26/40 MP: 6/6
  6454 | D:4      | Reached skill level 5 in Fighting
  6764 | D:4      | Identified the +1 scale mail "Wemeqint" {rC+ Stlth+}
  6809 | D:4      | Noticed Eustachio
  6920 | D:4      | Reached skill level 6 in Maces & Flails
  7329 | D:5      | Entered Level 5 of the Dungeon
  7431 | D:5      | Reached XP level 7. HP: 36/46 MP: 7/7
  7436 | D:5      | Reached skill level 1 in Invocations
  8040 | D:5      | Reached skill level 7 in Maces & Flails
  8218 | D:5      | Found an opulent altar of Gozag.
  8253 | D:5      | Reached *** piety under Okawaru
  8254 | D:5      | Reached XP level 8. HP: 51/51 MP: 10/10
  8378 | D:5      | Noticed Sigmund
  8384 | D:5      | Killed Sigmund
  8385 | D:5      | Reached skill level 8 in Maces & Flails
 10208 | D:6      | Reached skill level 9 in Maces & Flails
 10653 | D:6      | Reached skill level 1 in Throwing
 10653 | D:6      | Reached skill level 1 in Shields
 11139 | D:7      | Found a transporter.
 11139 | D:7      | Noticed MikuNakano's ghost (novice VSFi)
 11140 | D:7      | Noticed a vampire
 11140 | D:7      | Noticed a slime creature
 11149 | D:7      | Found a transporter.
 11149 | D:7      | Noticed a manticore
 11228 | D:7      | Reached XP level 9. HP: 52/56 MP: 11/11
 11240 | D:7      | Noticed Prince Ribbit
 11244 | D:7      | Received a gift from Okawaru
 11318 | D:7      | Killed Prince Ribbit
 11434 | D:7      | Noticed a two-headed ogre
 11448 | D:7      | Killed a two-headed ogre
 11448 | D:7      | Reached **** piety under Okawaru
 11449 | D:7      | Reached skill level 10 in Maces & Flails
 12062 | D:7      | Identified the +4 chain mail "Tilobri" {*Slow +Inv rCorr
                  | Int+4}
 12580 | D:8      | Noticed a troll
 12593 | D:8      | Killed a troll
 12594 | D:8      | Reached XP level 10. HP: 64/64 MP: 12/12
 12622 | D:8      | Reached skill level 11 in Maces & Flails
 12656 | D:8      | Reached ***** piety under Okawaru
 12656 | D:8      | Received a gift from Okawaru
 13211 | D:8      | Found a staircase to the Lair.
 13395 | D:8      | Reached skill level 12 in Maces & Flails
 13438 | D:8      | Received a gift from Okawaru
 13551 | D:8      | Noticed Maggie
 13564 | D:8      | Killed Maggie
 14088 | D:9      | Noticed Joseph
 14101 | D:9      | Killed Joseph
 14101 | D:9      | Received a gift from Okawaru
 14463 | D:9      | Noticed a kobold demonologist
 14463 | D:9      | Noticed a kobold demonologist
 14463 | D:9      | Noticed a kobold demonologist
 14476 | D:9      | Noticed a sixfirhy
 14990 | Lair:1   | Entered Level 1 of the Lair of Beasts
 15112 | Lair:1   | Noticed a cane toad
 15121 | Lair:1   | Killed a cane toad
 15301 | Lair:1   | You fall into a shaft and drop 1 floor!
 15318 | Lair:2   | Reached skill level 5 in Invocations
 15331 | Lair:1   | Noticed a black mamba
 15340 | Lair:1   | Killed a black mamba
 15341 | Lair:1   | Reached skill level 13 in Maces & Flails
 15341 | Lair:1   | Reached XP level 11. HP: 55/68 MP: 11/15
 16588 | Lair:1   | Reached skill level 14 in Maces & Flails
 16597 | Lair:1   | Reached skill level 1 in Armour
 17397 | Lair:1   | Noticed an oklob plant
 17413 | Lair:1   | Killed an oklob plant
 18003 | Lair:1   | You fall into a shaft and drop 1 floor!
 19182 | Lair:2   | Reached skill level 15 in Maces & Flails
 19551 | Lair:2   | Found a staircase to the Shoals.
 19616 | Lair:2   | Noticed an oklob plant
 19619 | Lair:2   | Noticed an oklob plant
 19747 | Lair:2   | Noticed a six-headed hydra
 19762 | Lair:2   | Killed a six-headed hydra
 19763 | Lair:2   | Reached XP level 12. HP: 37/73 MP: 8/16
 19764 | Lair:2   | Noticed Gastronok
 19784 | Lair:2   | Killed Gastronok
 19784 | Lair:2   | Reached ****** piety under Okawaru
 19784 | Lair:2   | Received a gift from Okawaru
 19985 | Lair:2   | Found a hole to the Spider Nest.
 20579 | Lair:3   | Reached skill level 16 in Maces & Flails
 20991 | Lair:3   | Noticed a four-headed hydra
 21002 | Lair:3   | Killed a four-headed hydra
 21002 | Lair:3   | Received a gift from Okawaru
 21254 | Lair:3   | Noticed a six-headed hydra
 21287 | Lair:3   | Killed a six-headed hydra
 22237 | Lair:2   | Reached skill level 5 in Armour
 22385 | Lair:3   | Reached skill level 10 in Fighting
 22865 | Lair:3   | Reached XP level 13. HP: 74/82 MP: 17/17
 22926 | Lair:3   | Reached skill level 5 in Throwing
 23355 | Lair:4   | Noticed Josephine
 23557 | Lair:4   | Found a frozen archway.
 23585 | Lair:4   | HP: 4/82 [six-headed hydra (3)]
 23585 | Lair:4   | Mangled by a six-headed hydra

Illustrated notes

Levels and vault maps discovered:
D:1:      scummos_arrival_forest, layout_loops_ring,
          shapermc_ecumenical_altar_mp_ritualfount
D:2:      minmay_kobold_bridge, layout_loops_cross,
          minmay_randomly_rotated_circles
D:3:      layout_basic, grunt_decor_arrowhead, uniq_jessica
D:4:      layout_loops_cross, minmay_temple_entry_overgrown, uniq_eustachio
D:5:      layout_basic, general_overflow_altar, uniq_sigmund
D:6:      layout_basic, amcnicky_mini_pool_medium
D:7:      layout_cave_pods, gammafunk_ghost_arena, uniq_prince_ribbit1
D:8:      layout_basic, erik_lair_island, uniq_maggie
D:9:      layout_small_grid, uniq_joseph
Temple:   kb_temple_of_zot
Lair:1:   layout_regular_city, minmay_lair_oklob_items, minivault_27,
          grunt_forest_stairs_basic, serial_bayou_shore_a, grunt_megastairs_5
Lair:2:   layout_long_grid, minmay_shoals_entry_centaurs,
          spider_nest_entry_rubble, lemuel_fruit_tree, serial_bayou_shore_b,
          minmay_lair_oklob_chamber, lemuel_fruit_fields, uniq_gastronok
Lair:3:   layout_layer_cave, nicolae_lair_grove_arrangements, minivault_26,
          hibernation_bobbens, infiniplex_staircase_pool_2
Lair:4:   layout_small_grid, portal_ice_cave_entry_imps,
          chequers_serial_rivers_small_b, cheibrodos_lair_caveside_slide,
          minivault_19, uniq_josephine

Skill      XL: |  1  2  3  4  5  6  7  8  9 10 11 12 13 |
---------------+----------------------------------------+-----
Maces & Flails | 4 5 6 7 9 10 13 15 16 | 16.0
Fighting       | 4 6 8 10 | 10.0
Invocations    | 3 5 6 |  6.0
Throwing       | 3 4 5 |  5.4
Shields        | 2 4 |  4.0
Armour         | 3 6 |  6.0
Dodging        | 3 |  3.0
Stealth        | |  2.1

Action                   |  1- 3 |  4- 6 |  7- 9 | 10-12 | 13-15 || total
-------------------------+-------+-------+-------+-------+-------++-------
Melee: Mace              |   136 |   162 |       |       |       ||   298
       Flail             |       |    74 |   324 |   438 |       ||   836
       Morningstar       |       |       |       |   205 |    32 ||   237
Throw: Javelin           |       |     2 |     2 |    21 |     1 ||    26
       Dart              |       |       |    35 |    62 |     1 ||    98
Invok: Heroism           |       |       |     4 |     7 |     1 ||    12
       Finesse           |       |       |       |     1 |     1 ||     2
Evoke: Wand              |       |       |     1 |     6 |       ||     7
       Condenser vane    |       |       |       |     1 |       ||     1
  Use: Scroll            |       |     8 |     4 |     9 |     1 ||    22
       Potion            |       |       |       |     4 |       ||     4
 Stab: Sleeping          |     4 |     4 |       |     2 |       ||    10
       Confused          |       |       |       |     1 |     1 ||     2
Armor: Robe              |    58 |    23 |       |       |       ||    81
       Leather armour    |       |    68 |       |       |       ||    68
       Scale mail        |       |    23 |   152 |    79 |       ||   254
       Plate armour      |       |       |       |   207 |    36 ||   243
       Skin              |       |       |       |     3 |       ||     3
Dodge: Dodged            |    95 |   159 |   157 |   320 |    36 ||   767
Block: Buckler           |       |    34 |    54 |   137 |    21 ||   246

Table legend: (Time is in decaauts)
 A = Elapsed time spent in this place.
 B = Non-inter-level travel time spent in this place.
 C = Inter-level travel time spent in this place.
 D = Time resting spent in this place.
 E = Time spent auto-exploring this place.
 F = Levels seen in this place.
 G = Mean time per level.
                   A        B        C        D        E       F      G
               +--------+--------+--------+--------+--------+-----+--------+
         Total |  23544 |  22831 |    713 |  11553 |   4616 |  14 | 1681.7 |
       Dungeon |  14877 |  14371 |    506 |   7142 |   3003 |   9 | 1653.0 |
        Temple |    195 |    195 |      0 |      0 |    102 |   1 |  195.0 |
          Lair |   8471 |   8264 |    207 |   4411 |   1510 |   4 | 2117.8 |
               +--------+--------+--------+--------+--------+-----+--------+

Top non-repeatable levels by time:
  Lair:1: 3160 daAuts
  Lair:3: 2937 daAuts
     D:2: 2824 daAuts
  Lair:2: 2310 daAuts
     D:7: 2051 daAuts
     D:3: 1828 daAuts
     D:5: 1771 daAuts
     D:8: 1698 daAuts
     D:6: 1695 daAuts
     D:1: 1477 daAuts
     D:4: 1087 daAuts
     D:9: 442 daAuts
  Temple: 195 daAuts
  Lair:4: 62 daAuts
